 Adventure DCSS version bcrawl-1.21.2-20-g6d45ba5942 (webtiles) character file.

Game seed: 7247873360725882064

9717 galech the Cleaver (level 11, -4/84 HPs)
             Began as a Demonspawn Fighter on Feb 21, 2020.
             Was a High Priest of Okawaru.
             Slain by a troll (5 damage)
             ... in the Orcish Mines.
             The game lasted 00:19:52 (17234 turns).

galech the Cleaver (Demonspawn Fighter)            Turns: 17234, Time: 00:19:53

Health: -4/84      AC: 20    Str: 17    XL:     11   Next: 26%
Magic:  0/11       EV: 21    Int:  9    God:    Okawaru [*****.]
Gold:   657        SH: 15    Dex: 21    Spells: 10/10 levels left
                                        Lives:  0   Deaths: 2

rFire    . . .     SeeInvis +   n - +0 broad axe
rCold    + . .     Gourm    .   D - +2 medium shield
rNeg     . . .     Faith    .   t - +2 scale mail {rC+}
rPois    .         Spirit   +   N - +0 hat of the Kraken {Regen+ Slay+3}
rElec    .         Reflect  .   (no cloak)
rCorr    .         Harm     .   (no gloves)
MR       .....                  (no boots)
Stlth    ++++++....             E - amulet of magic regeneration
HPRegen  0.64/turn              a - ring of stealth
MPRegen  0.49/turn              y - ring of see invisible

@: agile, heroism, sanguine armour
A: antennae 2, powered by pain 1, magic shield, magic regeneration, sanguine
armour 2
a: Heroism, Finesse, Renounce Religion


You were in the Orcish Mines.
You worshipped Okawaru.
Okawaru was extremely pleased with you.
You were not hungry.

You visited 3 branches of the dungeon, and saw 13 of its levels.
You also visited: Sewer and Bailey.

You collected 838 gold pieces.
You spent 181 gold pieces at shops.

Inventory:

Hand Weapons
 n - a +0 broad axe (weapon)
Missiles
 L - a throwing net (quivered) {!f}
Armour
 m - a scarf of stasis
 t - a +2 scale mail of cold resistance (worn)
 D - a +2 medium shield (worn)
 N - the +0 hat of the Kraken (worn) {Regen+ Slay+3}
   (Okawaru gifted it to you on level 10 of the Dungeon)

   It affects your accuracy and damage with ranged weapons and melee attacks
   (+3).
   It increases your rate of regeneration.
Jewellery
 a - a ring of stealth (left hand)
 x - a +3 ring of intelligence
 y - a ring of see invisible (right hand)
 E - an amulet of magic regeneration (around neck)
Wands
 c - a wand of paralysis (13)
 h - a wand of polymorph (16)
 z - a wand of flame (66)
 G - a wand of iceblast (9)
 O - a wand of random effects (5)
Scrolls
 d - 2 scrolls of noise
 f - 5 scrolls of identify
 j - a scroll of fear
 k - 3 scrolls of amnesia
 o - 5 scrolls of remove curse
 p - 2 scrolls of immolation
 r - 5 scrolls of teleportation
 s - 3 scrolls of enchant weapon
 u - a scroll of fog
 B - 3 scrolls of blinking
 F - 2 scrolls of enchant armour
 K - a scroll of magic mapping
 M - 2 scrolls of silence {unknown}
Potions
 b - a potion of curing
 g - 3 potions of brilliance
 i - 2 potions of mutation {unknown}
 l - 2 potions of haste {unknown}
 q - 3 potions of ambrosia {unknown}
 v - 3 potions of flight {unknown}
 w - 2 potions of degeneration {unknown}
 A - 2 potions of magic {unknown}
 C - 2 potions of resistance {unknown}
 H - a potion of cancellation {unknown}
 I - 2 potions of might
Comestibles
 e - 11 rations {!d}
 J - 2 chunks of flesh


   Skills:
 + Level 7.5(12.5) Fighting
 + Level 10.8(15.8) Axes
 + Level 7.4(12.4) Armour
 + Level 4.6(9.6) Dodging
 + Level 2.9(7.9) Stealth
 + Level 7.2(12.2) Shields
 + Level 0.1(5.1) Unarmed Combat
 + Level 0.3 Invocations


You had 10 spell levels left.
You didn't know any spells.
Your spell library contained the following spells:

 Spells                   Type           Power        Failure   Level  Hunger
 Corona                   Hex            #......      82%         1    ##.....
 Ensorcelled Hibernation  Hex/Ice        #.....       91%         2    ###....
 Confuse                  Hex            #.......     99%         3    ####...
 Dazzling Spray           Conj/Hex       #.....       99%         3    ####...
 Tukima's Dance           Hex            #.......     99%         3    ####...


Dungeon Overview and Level Annotations

Branches:
Dungeon (11/12)            Temple (1/1) D:5            Lair (0/6) D:7
    Orc (1/1) D:10            Elf (0/3) Orc
 Vaults: D:11-12

Altars:
Ashenzari
Cheibriados
Dithmenos
Elyvilon
Fedhas
Gozag
Hepliaklqana
Kikubaaqudgha
Lugonu
Makhleb
Nemelex Xobeh
Okawaru
Qazlal
Ru
Sif Muna
Trog
Uskayaw
Vehumet
Wu Jian
Xom
Yredelemnul
Zin
The Shining One

Shops:
D:8 *


Innate Abilities, Weirdness & Mutations

You have a pair of antennae on your head.
You sometimes gain a little power by taking damage.
When hurt, damage is shared between your health and your magic reserves.
You regenerate magic rapidly.
When seriously injured, your bleeding wounds create thick armour. (AC +9)


Message History

* * * LOW HITPOINT WARNING * * *
You slash the cyclops!
The cyclops is heavily wounded.
You slash the orc warrior! You hit the troll. You slash the orc!
You kill the orc!
Okawaru accepts your kill.
You barely miss the orc warrior. You block the orc warrior's attack.
You block the cyclops's attack. The orc warrior closely misses you.
You block the troll's attack. The troll misses you. x2
No path to travel!
You slash the cyclops!
The cyclops is severely wounded.
You completely miss the orc warrior. You hit the troll but do no damage.
You closely miss the orc warrior.
You hit the orc warrior but do no damage.
You block the orc warrior's attack. The orc warrior closely misses you.
The orc warrior barely misses you. The cyclops hits you.
* * * LOW HITPOINT WARNING * * *
The troll misses you. The troll claws you.
You die...

##.##.....
#........# #........
.......# . ##.$....#
.. ... #....oo.##...
.... #.ooCo$..#..
.... #T@o...>...
##... ##...........
#....
##.##........#....
#.........#.# #...
##.........#.###...
#............#.....
##....##.#........#.
###
#.....#####......#..
##.###......#
#.......##.


You could see an orc knight, a cyclops, a troll and 5 orc warriors.

Vanquished Creatures
  A cyclops (D:10)
  A wolf spider (D:10)
  An orc sorcerer (Orc)
  A troll (D:8)
  2 hornets
  Grinder (D:3)
  3 hippogriffs
  Sigmund (D:6)
  2 basilisks (D:7)
  7 yaks
  2 hungry ghosts
  A steam dragon (D:7)
  Grum (D:10)
  2 wargs (Orc)
  2 soldier ants
  5 crocodiles
  Duvessa (D:5)
  3 porcupines (D:7)
  6 orc warriors
  4 ice beasts
  5 sky beasts
  A phantom (D:5)
  4 wolves
  4 centaurs
  3 ogres
  A bullfrog (D:5)
  A wyvern skeleton (D:6)
  3 scorpions
  Dowan (D:5)
  5 killer bees (D:8)
  5 wights (D:8)
  An electric eel (D:6)
  6 crimson imps
  2 jellies
  A bullfrog skeleton (D:5)
  An orc priest (D:3)
  Ijyb (D:4)
  3 centaur skeletons
  4 orc wizards
  Terence (D:2)
  4 iguanas
  5 worker ants
  A hound skeleton (D:7)
  A howler monkey zombie (D:9)
  5 gnolls
  3 howler monkey skeletons
  8 adders
  3 shadow imps
  An adder skeleton (D:6)
  5 worms
  5 dart slugs
  3 leopard geckos
  35 orcs
  6 bats
  A giant cockroach (D:4)
  9 goblins
  8 hobgoblins
  16 jackals
  24 kobolds
  5 quokkas
  A ball python (D:2)
  2 frilled lizards (D:1)
  6 rats
  2 fungi (D:6)
  A plant (D:6)
260 creatures vanquished.

Vanquished Creatures (others)
  3 fungi (D:7)
  A plant (D:7)
4 creatures vanquished.

Grand Total: 264 creatures vanquished

Notes
Turn   | Place    | Note
-------+----------+-------------------------------------------
     0 | D:1      | galech the Demonspawn Fighter began the quest for the Orb.
     0 | D:1      | Reached XP level 1. HP: 18/18 MP: 1/1
   258 | D:1      | Gained mutation: When hurt, damage is shared between your
                  | health and your magic reserves. [demonic ancestry]
   258 | D:1      | Reached XP level 2. HP: 24/24 MP: 2/2
   988 | D:2      | Reached skill level 2 in Axes
  1250 | D:2      | Noticed Terence
  1254 | D:2      | Killed Terence
  1254 | D:2      | Reached XP level 3. HP: 29/29 MP: 3/3
  1337 | D:2      | Found a snail-covered altar of Cheibriados.
  1419 | D:2      | Gained mutation: You sometimes gain a little power by
                  | taking damage. [demonic ancestry]
  1419 | D:2      | Reached XP level 4. HP: 17/35 MP: 1/4
  2234 | D:2      | Reached skill level 3 in Axes
  2672 | D:3      | Noticed Grinder
  2679 | D:3      | Killed Grinder
  2679 | D:3      | Reached skill level 4 in Axes
  2679 | D:3      | Gained mutation: You have a pair of small antennae on your
                  | head. [demonic ancestry]
  2679 | D:3      | Reached XP level 5. HP: 27/42 MP: 3/5
  2679 | D:3      | Gained mutation: When seriously injured, your bleeding
                  | wounds create armour. (AC +9) [demonic ancestry]
  2679 | D:3      | Reached XP level 6. HP: 30/48 MP: 3/6
  2966 | D:3      | Found a faded altar of an unknown god.
  3596 | D:4      | Found a glowing drain.
  3780 | Sewer    | Entered a sewer
  3832 | Sewer    | Noticed a crocodile
  3850 | Sewer    | Slain by a crocodile
  3851 | Sewer    | Reached XP level 5. HP: -1/42 MP: 0/5
  3860 | Sewer    | Killed a crocodile
  3860 | Sewer    | Reached XP level 6. HP: 48/48 MP: 6/6
  3952 | D:4      | Reached skill level 5 in Axes
  3952 | D:4      | Reached skill level 1 in Dodging
  4218 | D:4      | Noticed Ijyb
  4248 | D:4      | Killed Ijyb
  4338 | D:4      | Found an opulent altar of Gozag.
  4792 | D:4      | Reached XP level 7. HP: 53/54 MP: 7/7
  5021 | D:5      | Entered Level 5 of the Dungeon
  5045 | D:5      | Reached skill level 6 in Axes
  5352 | D:5      | Found a staircase to the Ecumenical Temple.
  5362 | Temple   | Entered the Ecumenical Temple
  5483 | Temple   | Became a worshipper of Warmaster Okawaru
  5869 | D:5      | Found a stormy altar of Qazlal.
  5869 | D:5      | Found a faded altar of an unknown god.
  5874 | D:5      | Found a faded altar of an unknown god.
  5882 | D:5      | Found a shimmering altar of Xom.
  5883 | D:5      | Found a bloodstained altar of Trog.
  5986 | D:5      | Gained mutation: You regenerate magic rapidly. [demonic
                  | ancestry]
  5986 | D:5      | Reached XP level 8. HP: 6/61 MP: 2/8
  6815 | D:5      | Reached skill level 5 in Armour
  7097 | D:6      | Noticed Dowan
  7097 | D:6      | Noticed Duvessa
  7130 | D:5      | Killed Dowan
  7134 | D:5      | Killed Duvessa
  7190 | D:6      | Reached skill level 7 in Axes
  7447 | D:6      | Reached * piety under Okawaru
  7452 | D:6      | Reached skill level 5 in Fighting
  7530 | D:6      | Noticed Sigmund
  7547 | D:6      | Noticed a hornet
  7825 | D:6      | HP: 3/62 [hornet (2)]
  7827 | D:6      | Succumbed to a hornet's poison
  7828 | D:6      | Reached XP level 7. HP: 0/56 MP: 1/7
  8167 | D:6      | Found a sacrificial altar of Ru.
  8253 | D:6      | Killed Sigmund
  8253 | D:6      | Reached skill level 5 in Shields
  8253 | D:6      | Reached XP level 8. HP: 42/62 MP: 6/8
  8441 | D:6      | Killed a hornet
  8441 | D:6      | Reached ** piety under Okawaru
  8446 | D:6      | HP: 3/62 [poisoned by a hornet]
  9306 | D:6      | HP: 3/62 [electric eel/bolt of electricity (7)]
 10174 | D:7      | Reached skill level 8 in Axes
 10347 | D:7      | Gained mutation: When seriously injured, your bleeding
                  | wounds create thick armour. (AC +9) [demonic ancestry]
 10347 | D:7      | Reached XP level 9. HP: 32/69 MP: 6/9
 10545 | D:7      | Reached *** piety under Okawaru
 11559 | D:7      | Found a staircase to the Lair.
 11737 | D:8      | Found a flagged portal.
 11746 | Bailey   | Entered a bailey
 11751 | Bailey   | Noticed an orc warlord
 11827 | Bailey   | Reached skill level 9 in Axes
 11970 | Bailey   | Reached **** piety under Okawaru
 12108 | Bailey   | Found a runed gate.
 12110 | Bailey   | Found a runed gate.
 12112 | Bailey   | Found a runed gate.
 12171 | Bailey   | HP: 2/70 [orc warlord/+0 war axe (13)]
 12618 | D:8      | Gained mutation: You have a pair of antennae on your head.
                  | [demonic ancestry]
 12618 | D:8      | Reached XP level 10. HP: 46/77 MP: 10/10
 12822 | D:8      | Reached skill level 1 in Stealth
 12858 | D:8      | Found Tuthoapp's General Store.
 12861 | D:8      | Bought a scroll of enchant armour for 82 gold pieces
 12861 | D:8      | Bought a potion of might for 44 gold pieces
 12861 | D:8      | Bought a potion of heal wounds for 55 gold pieces
 14651 | D:9      | Reached ***** piety under Okawaru
 14701 | D:9      | Found a burning altar of Makhleb.
 15032 | D:10     | Entered Level 10 of the Dungeon
 15196 | D:10     | Noticed Grum
 15323 | D:10     | Reached skill level 10 in Axes
 15432 | D:10     | Noticed a cyclops
 15443 | D:10     | Killed a cyclops
 15462 | D:10     | Killed Grum
 15638 | D:10     | Noticed a wolf spider
 15655 | D:10     | Killed a wolf spider
 15835 | D:10     | Reached XP level 11. HP: 72/84 MP: 11/11
 16240 | D:10     | Received a gift from Okawaru
 16264 | D:10     | Got a slimy hat {god gift}
 16270 | D:10     | Identified the +0 hat of the Kraken {Regen+ Slay+3}
                  | (Okawaru gifted it to you on level 10 of the Dungeon)
 16475 | D:10     | Found a staircase to the Orcish Mines.
 16948 | D:11     | Noticed a death knight
 16948 | D:11     | Noticed a phantasmal warrior
 16949 | D:11     | Noticed a skeletal warrior
 16968 | D:11     | HP: 4/84 [death knight/+1 battleaxe (8)]
 16968 | D:11     | HP: 1/84 [phantasmal warrior[a death knight] (3)]
 17074 | Orc      | Entered the Orcish Mines
 17216 | Orc      | Found a staircase to the Elven Halls.
 17220 | Orc      | Noticed an orc sorcerer
 17221 | Orc      | Noticed a cyclops
 17222 | Orc      | Noticed an orc knight
 17228 | Orc      | Paralysed by an orc sorcerer for 2 turns
 17230 | Orc      | Noticed a sixfirhy
 17232 | Orc      | Killed an orc sorcerer
 17232 | Orc      | HP: 1/84 [orc warrior/+0 long sword[an orc knight] (5)]
 17234 | Orc      | Slain by a troll

Skill      XL: |  1  2  3  4  5  6  7  8  9 10 |
---------------+-------------------------------+-----
Shields        | 3 5 6 7 |  7.2
Armour         | 3 4 6 7 |  7.4
Axes           | 2 4 5 6 8 9 10 | 10.8
Fighting       | 4 5 6 7 |  7.5
Dodging        | 1 2 3 4 |  4.6
Stealth        | 2 |  2.9
Unarmed Combat | |  0.1
Invocations    | |  0.3

Action                   |  1- 3 |  4- 6 |  7- 9 | 10-12 || total
-------------------------+-------+-------+-------+-------++-------
Melee: War axe           |    98 |   260 |   595 |       ||   953
       Unarmed           |       |     4 |       |       ||     4
       Broad axe         |       |       |    44 |   331 ||   375
Invok: Heroism           |       |       |     1 |     5 ||     6
  Use: Potion            |     1 |     1 |    12 |     2 ||    16
       Scroll            |       |     5 |    10 |     1 ||    16
 Stab: Sleeping          |       |       |       |     8 ||     8
       Distracted        |       |       |       |     2 ||     2
  Eat: Chunk             |     2 |     8 |    19 |     7 ||    36
       Ration            |       |       |     3 |     5 ||     8
Armor: Scale mail        |    36 |    96 |   252 |   134 ||   518
       Skin              |       |     5 |       |       ||     5
Dodge: Dodged            |    29 |    69 |   238 |   149 ||   485
Block: Medium shield     |    43 |   128 |   377 |   270 ||   818
